AoeStats
← Sanguinius7193

Arena

509795956Analyzed
4v4 RM · 5d ago on Sep 28, 2026· 60m 28s· 8 players
Game mode
Random Map
Map size
Large (8 player)
Population
200
Speed
Normal
Resources
Standard
Victory
Conquest
Starting age
Dark Age
Ending age
Imperial Age
RankedLock teamsTeams togetherTeam positionsShared explorationLock speedFull tech treeHidden civsTurbo modeCheats
Victory
Defeat
🇨🇦 Burgundians · Canada
980
+19
🇨🇴 Persians · Colombia
933
+21
🇺🇸 Ethiopians · United States
927
+21
🇨🇳 Maya · China
915
+64
🇨🇱 Tupi · Chile
1081
-23
🇨🇱 Koreans · Chile
1043
-21
🇦🇷 Franks · Argentina
1034
-20
🇨🇱 Varangians · Chile
986
-18
Sanguinius7193
0:35 Loom
10:59 Feudal Age
15:32 Castle Age
13:32 Horse Collar
13:43 Double-Bit Axe
15:01 Town Watch
17:17 Heavy Plow
22:07 Bow Saw
22:19 Gold Mining
24:21 Wheelbarrow
24:44 Fortified Wall
26:43 Hand Cart
27:16 Gold Shaft Mining
27:11 Ballistics
31:44 Imperial Age
29:27 Fletching
29:44 Padded Archer Armor
30:24 Crossbowman
31:03 Bodkin Arrow
31:24 Leather Archer Armor
31:24 Thumb Ring
32:17 Town Patrol
33:28 Chemistry
32:07 Arbalester
33:50 Siege Engineers
34:05 Bracer
34:55 Torsion Engines
36:25 Heavy Scorpion
51:36 Elite Shotel Warrior
52:22 Scale Mail Armor
52:33 Forging
53:25 Chain Mail Armor
53:37 Conscription
57:07 Plate Mail Armor
57:13 Iron Casting
56:41 Royal Heirs
57:19 Arson
57:34 Squires
alejandro182589
1:08 Loom
11:18 Feudal Age
12:28 Wheelbarrow
11:47 Double-Bit Axe
17:44 Horse Collar
20:22 Castle Age
19:08 Stone Mining
20:33 Gold Mining
21:17 Hand Cart
21:58 Stone Shaft Mining
24:40 Pikeman
27:14 Town Watch
28:34 Heavy Plow
28:48 Bow Saw
29:11 Husbandry
29:26 Forging
34:15 Fletching
34:24 Murder Holes
34:50 Ballistics
37:48 Imperial Age
36:27 Thumb Ring
37:54 Iron Casting
38:08 Kamandaran
37:44 Crossbowman
39:44 Two-Man Saw
39:34 Conscription
39:49 Bodkin Arrow
43:08 Blast Furnace
42:23 Light Cavalry
43:13 Bloodlines
44:36 Hussar
47:24 Scale Mail Armor
47:30 Scale Barding Armor
49:41 Chemistry
50:35 Cavalier
52:58 Savar
56:19 Chain Barding Armor
LordWhile
3:39 Loom
12:04 Feudal Age
10:36 Double-Bit Axe
11:17 Gold Mining
16:42 Castle Age
14:52 Horse Collar
16:02 Bow Saw
16:19 Stone Mining
17:08 Gold Shaft Mining
21:14 Wheelbarrow
31:07 Imperial Age
29:07 Husbandry
29:43 Heavy Plow
30:20 Stone Shaft Mining
30:15 Cavalier
31:27 Scale Barding Armor
33:40 Conscription
33:30 Squires
34:06 Paladin
36:59 Elite Coustillier
38:34 Chain Barding Armor
38:15 Scale Mail Armor
38:15 Padded Archer Armor
39:31 Two-Man Saw
39:18 Crop Rotation
41:43 Plate Barding Armor
41:40 Caravan
44:24 Forging
44:30 Chain Mail Armor
44:30 Leather Archer Armor
44:06 Fletching
48:25 Plate Mail Armor
48:30 Iron Casting
47:51 Bodkin Arrow
49:23 Chemistry
48:43 Ballistics
48:34 Fortified Wall
48:35 Masonry
52:37 Blast Furnace
59:08 Bracer
snailwidely
0:31 Loom
10:20 Feudal Age
11:14 Double-Bit Axe
15:08 Castle Age
13:46 Horse Collar
22:09 Wheelbarrow
22:26 Bow Saw
24:04 Heavy Plow
24:17 Gold Mining
26:48 Stone Mining
28:54 Hand Cart
31:11 Imperial Age
30:00 Fletching
30:16 Elite Skirmisher
31:03 Thumb Ring
31:13 Bodkin Arrow
30:43 Crossbowman
31:45 Arbalester
33:32 Conscription
33:54 Bracer
38:29 Padded Archer Armor
39:35 Two-Man Saw
38:07 Eagle Warrior
40:07 Ballistics
42:18 Chemistry
43:23 Man-at-Arms
44:05 Squires
43:51 Arson
Hinokami
6:43 Loom
11:37 Feudal Age
14:04 Double-Bit Axe
14:01 Horse Collar
14:57 Wheelbarrow
17:54 Castle Age
16:36 Gold Mining
17:33 Town Watch
17:40 Fletching
18:42 Bodkin Arrow
19:56 Bow Saw
20:14 Heavy Plow
22:34 Pikeman
25:42 Ballistics
32:26 Imperial Age
31:25 Stone Mining
31:42 Treadmill Crane
33:04 Hand Cart
33:19 Bracer
34:22 Chemistry
32:57 Capped Ram
34:15 Curare
34:57 Conscription
35:50 Two-Man Saw
34:51 Padded Archer Armor
34:25 Elite Blackwood Archer
37:16 Leather Archer Armor
37:06 Squires
36:27 Champi Runner
37:15 Caciques
37:47 Champi Warrior
38:31 Scale Mail Armor
39:01 Ring Archer Armor
41:14 Elite Champi Warrior
41:41 Arson
43:11 Chain Mail Armor
43:10 Siege Ram
46:59 Plate Mail Armor
49:44 Forging
49:07 Halberdier
51:34 Elite Skirmisher
52:06 Onager
58:13 Iron Casting
Keikz
6:02 Loom
12:59 Feudal Age
16:52 Castle Age
17:36 Stone Mining
22:53 Wheelbarrow
22:46 Town Watch
23:37 Fletching
24:56 Husbandry
26:24 Double-Bit Axe
28:00 Hand Cart
28:06 Scale Barding Armor
28:24 Gold Mining
28:45 Town Patrol
32:56 Imperial Age
31:05 Bow Saw
32:51 Forging
33:27 Scale Barding Armor
33:40 Chivalry
34:24 Cavalier
35:57 Gold Shaft Mining
36:10 Conscription
36:41 Iron Casting
37:30 Chain Barding Armor
39:06 Paladin
57:47 Blast Furnace
57:29 Plate Barding Armor
maltax3
10:10 Feudal Age
10:51 Double-Bit Axe
10:49 Horse Collar
18:51 Castle Age
17:37 Stone Mining
17:37 Gold Mining
19:15 Wheelbarrow
19:47 Bow Saw
19:40 Heavy Plow
21:26 Fletching
22:24 Bodkin Arrow
23:17 Thumb Ring
23:41 Loom
23:21 Crossbowman
31:12 Imperial Age
29:11 Hand Cart
29:26 Treadmill Crane
33:02 Eupseong
34:34 Two-Man Saw
34:41 Gold Shaft Mining
34:13 Arbalester
36:18 Chemistry
36:05 Ballistics
39:10 Bracer
42:37 Siege Engineers
44:24 Masonry
Kenmarks
11:32 Feudal Age
16:50 Castle Age
15:52 Forging
15:38 Horse Collar
15:47 Double-Bit Axe
16:42 Scale Barding Armor
17:52 Bloodlines
20:28 Heavy Plow
25:53 Iron Casting
27:19 Chain Barding Armor
27:28 Bow Saw
32:12 Gold Mining
35:40 Imperial Age
34:16 Wheelbarrow
35:01 Town Watch
35:03 Loom
35:57 Ballistics
37:25 Blast Furnace
35:48 Cavalier
36:29 Husbandry
37:37 Plate Barding Armor
38:28 Two-Man Saw
38:04 Crop Rotation
38:39 Chemistry
39:17 Scale Mail Armor
39:09 Fletching
39:22 Padded Archer Armor
39:24 Elite Skirmisher
40:10 Stone Mining
40:11 Light Cavalry
40:52 Husbandry
41:20 Hand Cart
41:06 Town Patrol
41:43 Leather Archer Armor
43:54 Ring Archer Armor
43:19 Bodkin Arrow
42:50 Hussar
46:14 Onager
Connection lost

Rejoining the realm…

Still unreachable

The connection could not be restored.

Session expired

The server has moved on; the page needs a fresh start.